 Dungeon Crawl Stone Soup version 0.30-a0-860-g512cf1e979 (webtiles) character file.

Game seed: 9655855150740120076

98 Corto the Digger (level 4, -2/24 HPs)
             Began as a Gargoyle Earth Elementalist on Mar 8, 2023.
             Constricted to death by Ijyb (7 damage)
             ... on level 3 of the Dungeon.
             The game lasted 00:04:13 (2382 turns).

Corto the Digger (Gargoyle Earth Elementalist)      Turns: 2382, Time: 00:04:15

Health: -2/24      AC:  5    Str: 11    XL:     4   Next: 69%
Magic:  10/17      EV:  8    Int: 18    God:
Gold:   141        SH:  0    Dex: 10    Spells: 5/9 levels left

rFire   . . .      SeeInvis .    u - +0 whip (elec)
rCold   . . .      Faith    .    (no shield)
rNeg    + . .      Spirit   .    a - +0 robe
rPois   ∞          Reflect  .    (no helmet)
rElec   +          Rampage  .    (no cloak)
rCorr   .                        (no gloves)
Will    .....                    (no boots)
Stlth   ++                       (no amulet)
HPRegen 0.24/turn                d - ring of magical power
MPRegen 0.15/turn                (no ring)

@: grasped by roots, constricted
A: sickness immunity, AC +3, negative energy resistance 1, electricity
resistance, torment resistance 1, petrification resistance
a: no special abilities


You were on level 3 of the Dungeon.
You visited 1 branch of the dungeon, and saw 3 of its levels.

You collected 141 gold pieces.

Inventory:

Hand Weapons
 l - a +0 dagger of venom
 o - a +0 whip
 u - a +0 whip of electrocution (weapon)
Armour
 a - a +0 robe (worn)
 j - a +0 helmet
 p - a +0 helmet
Jewellery
 d - a ring of magical power (left hand)
 g - an amulet of faith {!P}
Scrolls
 c - a scroll of immolation {unknown}
 e - 2 scrolls of teleportation {unknown}
 k - 4 scrolls of identify {unknown}
 q - a scroll of poison {unknown}
 s - 2 scrolls of amnesia {unknown}
 t - 2 scrolls of magic mapping {unknown}
Potions
 b - a potion of magic
 h - a potion of lignification {unknown}
 i - 2 potions of curing {unknown}
 m - a potion of heal wounds {unknown}
 n - a potion of flight {unknown}
 r - 2 potions of attraction {unknown}


   Skills:
 - Level 1.5 Dodging
 - Level 2.1 Stealth
 + Level 3.1 Spellcasting
 + Level 1.7 Conjurations
 - Level 0.7 Transmutations
 + Level 4.9 Earth Magic


You had 5 spell levels left.
You knew the following spells:

 Your Spells              Type           Power      Damage    Failure   Level
a - Sandblast             Erth           40%        2d10      2%          1
b - Stone Arrow           Conj/Erth      28%        3d8       12%         3

Your spell library contained the following spells:

 Spells                   Type           Power      Damage    Failure   Level
 Passwall                 Tmut/Erth      10%        N/A       8%          2
 Necrotise                Necr           8%         1d4       16%         1
 Hailstorm                Conj/Ice       5%         3d4       34%         3
 Vampiric Draining        Necr           2%         2d6       43%         3
 Petrify                  Tmut/Erth      13%        N/A       45%         4
 Ice Form                 Ice/Tmut       4%         N/A       80%         4
 Agony                    Necr           2%         N/A       99%         5
 Simulacrum               Ice/Necr       1%         N/A       100%        6


Dungeon Overview and Level Annotations

Branches:
Dungeon (3/15)

Altars:
Wu Jian

Annotations:
D:3 Ijyb


Innate Abilities, Weirdness & Mutations

You are immune to sickness and miasma.
Your stone body is resilient. (AC +3)
You are immune to poison.
You resist negative energy. (rN+)
You are resistant to electric shocks. (rElec)
You are resistant to unholy torment.
You are immune to petrification.


Message History

Ijyb hits you with a +0 dagger. Ijyb hits you but does no damage.
Casting: Sandblast (safe; 2% risk of failure)
Confirm with . or Enter, or press ? or * to list all spells.
The blast of sand misses Ijyb.
Ijyb closely misses you.
Casting: Sandblast (safe; 2% risk of failure)
Confirm with . or Enter, or press ? or * to list all spells.
The blast of sand hits Ijyb.
Ijyb is moderately wounded.
Ijyb screams, "Die!"
Ijyb hits you with a +0 dagger. Ijyb screams, "I dance on your bones!"
Ijyb closely misses you.
Casting: Sandblast (safe; 2% risk of failure)
Confirm with . or Enter, or press ? or * to list all spells.
The blast of sand hits Ijyb but does no damage.
Ijyb is moderately wounded.
Ijyb zaps a wand.
The roots erupt in riotous growth!
The grasping roots grab you!
Ijyb is unaffected.
The grasping roots constrict you.
Casting: Sandblast (safe; 2% risk of failure)
Confirm with . or Enter, or press ? or * to list all spells.
The blast of sand hits Ijyb but does no damage.
Ijyb is moderately wounded.
Ijyb closely misses you. The grasping roots constrict you.
An orc comes into view. It is wielding a +0 club.
Ijyb barely misses you. The grasping roots constrict you.
The grasping roots release their grip on you.
Casting: Sandblast (safe; 2% risk of failure)
Confirm with . or Enter, or press ? or * to list all spells.
The blast of sand misses Ijyb.
Ijyb barely misses you.
Casting: Sandblast (safe; 2% risk of failure)
Confirm with . or Enter, or press ? or * to list all spells.
The blast of sand hits Ijyb.
Ijyb is moderately wounded.
Ijyb zaps a wand.
The roots erupt in riotous growth!
The grasping roots grab you!
Ijyb is unaffected.
The grasping roots constrict you.
* * * LOW HITPOINT WARNING * * *
Ijyb hits you but does no damage. The grasping roots constrict you!
You die... ••█•••• ••█ ••• ██••••••███ █•█ ••••••••• ██████ ██••••••• •█•••█ █•••••••█ 8█•⌂•█ █••o••••▲ •█•••█ █•••••••█████ ███•██ █████•••••••••••██ •█•••█ ••••••••••@g•••••• •••8•█ ██████†█•████(••█ •█•••█ ••█•█•█ █ ██████ █•█•█•█ •••••█ █•█•█•█ ████•█ ███•█•█•█ <••█•█ █•••••█•█ ••<█•█ █•█•••••█ ████•█ █•███████

You could see Ijyb and an orc.

Vanquished Creatures
  Robin (D:2)
  A gnoll (D:3)
  2 adders
  A bat (D:1)
  8 endoplasms
  A giant cockroach (D:1)
  16 goblins
  10 hobgoblins
  A quokka (D:1)
  A frilled lizard (D:3)
  5 kobolds
  5 rats
52 creatures vanquished.

Notes
Turn   | Place    | Note
-------+----------+-------------------------------------------
     0 | D:1      | Corto the Gargoyle Earth Elementalist began the quest for
                  | the Orb.
     0 | D:1      | Reached XP level 1. HP: 10/10 MP: 3/3
   312 | D:1      | Reached XP level 2. HP: 15/15 MP: 5/5
   340 | D:1      | Reached skill level 4 in Earth Magic
  1027 | D:2      | Reached XP level 3. HP: 19/19 MP: 6/6
  1031 | D:2      | Learned a level 3 spell: Stone Arrow
  1329 | D:2      | Noticed Robin
  1337 | D:2      | Killed Robin
  1339 | D:2      | Reached skill level 1 in Conjurations
  1599 | D:2      | Found a faded altar of an unknown god.
  1671 | D:2      | Reached XP level 4. HP: 24/24 MP: 8/8
  2280 | D:3      | Found an ornate altar of the Wu Jian Council.
  2370 | D:3      | Noticed Ijyb
  2382 | D:3      | Constricted to death by Ijyb

Illustrated notes

Levels and vault maps discovered:
D:1:      psy_arrival_dodecagon, layout_loops_corners
D:2:      layout_basic, ebering_ecumenical_altar_sacrificial, uniq_robin
D:3:      layout_basic, mainiacjoe_overflow_surrounded_room,
          nicolae_wu_jian_immortal_techniques, st_stairs_9, uniq_ijyb

Skill      XL: |  1  2  3  4 |
---------------+-------------+-----
Earth Magic    | 4 |  4.9
Conjurations   | 1 |  1.7
Spellcasting   | 3 |  3.1
Dodging        | |  1.5
Stealth        | |  2.1
Transmutations | |  0.7

Action                     |  1- 3 |  4- 6 || total
---------------------------+-------+-------++-------
   Cast: Sandblast         |    48 |    24 ||    72
 Armour: Robe              |     1 |     2 ||     3
  Dodge: Dodged            |     5 |     5 ||    10

Table legend: (Time is in decaauts)
 A = Elapsed time spent in this place.
 B = Non-inter-level travel time spent in this place.
 C = Inter-level travel time spent in this place.
 D = Time resting spent in this place.
 E = Time spent auto-exploring this place.
 F = Levels seen in this place.
 G = Mean time per level.
                   A        B        C        D        E       F      G
               +--------+--------+--------+--------+--------+-----+--------+
         Total |   2415 |   2365 |     50 |      0 |   2138 |   3 |  805.0 |
       Dungeon |   2415 |   2365 |     50 |      0 |   2138 |   3 |  805.0 |
               +--------+--------+--------+--------+--------+-----+--------+

Top non-repeatable levels by time:
     D:2: 1026 daAuts
     D:1: 1011 daAuts
     D:3: 377 daAuts
